 Dungeon Crawl Stone Soup version 0.28-a0-535-g6f645e4c1d (webtiles) character file.

Game seed: 6223672646705871429

2 mg7810 the Skirmisher (level 1, 0/18 HPs)
             Began as a Demonspawn Fighter on Sept 26, 2021.
             Slain by a dart slug (2 damage)
             ... on level 1 of the Dungeon.
             The game lasted 00:00:21 (14 turns).

mg7810 the Skirmisher (Demonspawn Fighter)            Turns: 14, Time: 00:00:21

Health: 0/18       AC:  6    Str: 16    XL:     1   Next: 25%
Magic:  1/1        EV:  6    Int:  9    God:
Gold:   0          SH:  4    Dex: 12    Spells: 0/0 levels left

rFire   . . .      SeeInvis .   a - +0 long sword
rCold   . . .      Faith    .   c - +0 buckler
rNeg    . . .      Spirit   .   b - +0 scale mail
rPois   .          Reflect  .   (no helmet)
rElec   .          Harm     .   (no cloak)
rCorr   .          Rampage  .   (no gloves)
Will    .....                   (no boots)
Stlth   ..........              (no amulet)
HPRegen 0.06/turn               (no ring)
MPRegen 0.07/turn               (no ring)

@: constricted
A: no striking features
a: no special abilities


You were on level 1 of the Dungeon.
You visited 1 branch of the dungeon, and saw 1 of its levels.

Inventory:

Hand Weapons
 a - a +0 long sword (weapon)
Armour
 b - a +0 scale mail (worn)
 c - a +0 buckler (worn)
Potions
 d - a potion of might


   Skills:
 + Level 3.0 Fighting
 + Level 1.7 Long Blades
 + Level 2.7 Armour
 + Level 2.7 Shields


You couldn't memorise any spells.
You didn't know any spells.
Your spell library was empty.

Dungeon Overview and Level Annotations

Branches:
Dungeon (1/15)

Altars:


Message History

The slug dart hits you.
You hit the ball python.
You kill the ball python!
The dart slug launches a dart at you. The slug dart hits you.
A giant cockroach comes into view.
The dart slug bites you.
The ball python bites you but does no damage.
You block the ball python's attack.
You hit the dart slug.
The dart slug is moderately wounded.
The ball python bites you but does no damage.
The ball python grabs you. The ball python constricts you.
The dart slug launches a dart at you. The slug dart hits you.
You hit the dart slug.
The dart slug is heavily wounded.
The ball python bites you but does no damage.
The ball python constricts you. The dart slug launches a dart at you.
The slug dart hits you but does no damage.
You block the ball python's attack. The ball python constricts you.
You hit the dart slug.
The dart slug is almost dead.
The giant cockroach bites you but does no damage.
The ball python bites you but does no damage.
The ball python constricts you.
* * * LOW HITPOINT WARNING * * *
The dart slug bites you.
* * * LOW HITPOINT WARNING * * *
You block the giant cockroach's attack.
The ball python's grasp on you weakens, but your attempt to escape fails.
The ball python bites you but does no damage.
The ball python constricts you. The giant cockroach bites you.
* * * LOW HITPOINT WARNING * * *
The ball python bites you but does no damage.
The ball python constricts you.
* * * LOW HITPOINT WARNING * * *
The dart slug bites you.
You die...

≈≈≈≈≈≈>..≈≈≈≈≈≈.#
≈≈≈≈≈≈≈≈≈.≈≈≈≈≈.#
≈≈≈≈≈≈≈≈≈.≈≈≈≈≈.#
≈≈≈≈≈≈≈≈≈†≈≈≈≈≈..
≈≈8≈≈≈≈≈.≈≈8≈≈≈.#
≈≈≈≈≈≈≈.≈≈≈≈≈≈$..
#≈≈≈≈≈≈.≈≈≈≈≈.#..
##≈≈≈≈≈≈.≈≈≈#.# .
.......S@B###...
###.....w........
###....####.###
#...... #......
#..#.### ...#.
##.##.


You could see a dart slug, a giant cockroach and a ball python.

Vanquished Creatures
  A bat (D:1)
  A ball python (D:1)
2 creatures vanquished.

Notes
Turn   | Place    | Note
-------+----------+-------------------------------------------
     0 | D:1      | mg7810 the Demonspawn Fighter began the quest for the Orb.
     0 | D:1      | Reached XP level 1. HP: 18/18 MP: 1/1
    14 | D:1      | Slain by a dart slug

Illustrated notes

Levels and vault maps discovered:
D:1:      nzn_arrival_water_spiral, layout_loops_ring

Action                   || total
-------------------------++-------
Melee: Long sword        ||     5
Armor: Scale mail        ||     8
Dodge: Dodged            ||     1
Block: Buckler           ||     3

Table legend: (Time is in decaauts)
 A = Elapsed time spent in this place.
 B = Non-inter-level travel time spent in this place.
 C = Inter-level travel time spent in this place.
 D = Time resting spent in this place.
 E = Time spent auto-exploring this place.
 F = Levels seen in this place.
 G = Mean time per level.
                   A        B        C        D        E       F      G
               +--------+--------+--------+--------+--------+-----+--------+
         Total |     15 |     15 |      0 |      0 |      1 |   1 |   15.0 |
       Dungeon |     15 |     15 |      0 |      0 |      1 |   1 |   15.0 |
               +--------+--------+--------+--------+--------+-----+--------+

Top non-repeatable levels by time:
     D:1: 15 daAuts
